cohdb
Replays
Latest Replays
All Replays
Popular Replays
Top Player Replays
Match Explorer
How It Works
Community
CoH3 Stats
Reddit
Sign in to upload your games and track your stats! →
Sign in with Steam
Match 45432451
Unlisted
Match 45432451
Overview
Messages
Build Orders
End
Panzerpioneer Squad
Selects Italian Infantry
Panzergrenadier Squad
Panzergrenadier Squad
Construct Light Support Kompanie
Assault Grenadier Squad
Fire Support Elements
Selects Guastatori Squad
Flakvierling Half-track
Panzerjäger Mechanized Group
Selects Registered Artillery
Guastatori Squad
Selects Towed Cannone da 105/28 Field Howitzer
Towed Cannone da 105/28 Field Howitzer
Nico-Nico-Nii~~
Tonimontana
0
0
Comments
sign in to comment!
No comments posted yet!